 Dungeon Crawl Stone Soup version 0.23.1-41-g7e51ed3 (webtiles) character file.

Game seed: 15519187796831089011

13151 Borgoz the Protected (level 12, -2/72 HPs)
             Began as a Gargoyle Gladiator on Mar 30, 2019.
             Was a Believer of Ashenzari.
             Slain by a manticore (4 damage)
             ... on level 11 of the Dungeon.
             The game lasted 00:23:02 (11963 turns).

Borgoz the Protected (Gargoyle Gladiator)          Turns: 11963, Time: 00:23:02

Health: -2/72      AC: 21    Str: 20    XL:     12   Next: 3%
Magic:  15/15      EV: 15    Int: 11    God:    Ashenzari [**....]
Gold:   696        SH:  4    Dex: 15    Spells: 12/15 levels left

rFire    + . .     SeeInvis .   p - +7 dagger of Annihilation {pierce, Int+3}
rCold    + . .     Gourm    .   (no shield)
rNeg     + . .     Faith    .   B - +0 scale mail {rC+}
rPois    ∞         Spirit   .   c - +0 helmet
rElec    +         Reflect  +   e - +0 cloak
rCorr    .         Harm     .   (no gloves)
MR       .....                  w - +0 pair of boots
Stlth    ++........             o - +4 amulet of reflection
HPRegen  0.22/turn              A - ring of protection from fire
MPRegen  0.14/turn              (no ring)

@: barbed spikes
A: negative energy resistance 1, electricity resistance, unbreathing,
petrification resistance, rot immunity, AC +8
a: Curse Item, Scrying, Renounce Religion


You were on level 11 of the Dungeon.
You worshipped Ashenzari.
Ashenzari was pleased with you.
You were not hungry.

You visited 2 branches of the dungeon, and saw 12 of its levels.

You collected 776 gold pieces.
You spent 80 gold pieces at shops.

Inventory:

Hand Weapons
 a - a +0 rapier
 l - a +3 dagger of distortion
 p - the +7 dagger of Annihilation (weapon) {pierce, Int+3}
   (You found it on level 9 of the Dungeon)

   It inflicts extra damage upon your enemies.
   It affects your intelligence (+3).
 D - a +3 short sword
Missiles
 i - 6 tomahawks (quivered)
 r - 2 tomahawks of returning
Armour
 c - a +0 helmet (worn)
 e - a +0 cloak (worn)
 w - a +0 pair of boots (worn)
 B - a +0 scale mail of cold resistance (worn)
Jewellery
 o - a +4 amulet of reflection (around neck)
 v - an uncursed ring of flight
 z - the ring "Jeyhadapt" {Ice +Fly rPois Str-2}
   (You found it on level 6 of the Dungeon)

   [ring of ice]

   It enhances your ice magic.
   It affects your strength (-2).
   It makes you vulnerable to fire.
   It protects you from cold.
   It protects you from poison.
   It lets you fly.
 A - a ring of protection from fire (left hand)
Wands
 x - a wand of random effects (22)
Scrolls
 b - 3 scrolls of amnesia
 g - 6 scrolls of teleportation
 q - a scroll of enchant weapon
 s - 9 scrolls of remove curse
 t - 2 scrolls of fog
 u - a scroll of blinking
 E - 2 scrolls of magic mapping
Potions
 d - a potion of mutation
 h - 2 potions of magic
 j - 3 potions of brilliance
 n - a potion of haste
Comestibles
 f - 14 rations


   Skills:
 + Level 7.3 Fighting
 * Level 9.0 Short Blades
 - Level 1.7 Throwing
 * Level 10.0 Armour
 * Level 8.3 Dodging
 + Level 7.8 Stealth
 + Level 2.1 Spellcasting
 + Level 2.1 Hexes
 + Level 2.0 Evocations


You had 12 spell levels left.
You knew the following spells:

 Your Spells              Type           Power        Failure   Level  Hunger
a - Confuse               Hex            #.......     63%         3    ####...

Your spell library contained the following spells:

 Spells                   Type           Power        Failure   Level  Hunger
 Corona                   Hex            #......      28%         1    ##.....
 Ensorcelled Hibernation  Hex/Ice        #.....       54%         2    ###....
 Beastly Appendage        Tmut           #.....       56%         1    ##.....
 Tukima's Dance           Hex            #.......     63%         3    ####...
 Poisonous Vapours        Pois/Air       #.....       71%         2    ###....
 Sticks to Snakes         Tmut           #.......     71%         2    ###....
 Dazzling Spray           Conj/Hex       #.....       78%         3    ####...
 Conjure Flame            Conj/Fire      #.......     90%         3    ####...
 Mephitic Cloud           Conj/Pois/Air  #.......     90%         3    ####...
 Spider Form              Tmut/Pois      #.........   90%         3    ####...
 Ice Form                 Ice/Tmut       #.......     100%        4    #####..
 Blade Hands              Tmut           #.........   100%        5    ######.
 Freezing Cloud           Conj/Ice/Air   #.........   100%        6    #######
 Ring of Flames           Chrm/Fire      #.........   100%        7    #######


Dungeon Overview and Level Annotations

Branches:
Dungeon (11/15)            Temple (1/1) D:4            Lair (0/6) D:10
    Orc (0/2) D:9

Altars:
Ashenzari
Cheibriados
Dithmenos
Elyvilon
Fedhas
Gozag
Hepliaklqana
Kikubaaqudgha
Makhleb
Nemelex Xobeh
Okawaru
Qazlal
Ru
Sif Muna
Trog
Uskayaw
Vehumet
Wu Jian
Xom
Yredelemnul
Zin
The Shining One

Shops:
D:8 (   D:9 ?}%


Innate Abilities, Weirdness & Mutations

You are resistant to torment.
Your stone body is resilient. (AC +8)
You are immune to poison.
You resist negative energy. (rN+)
You are resistant to electric shocks. (rElec)
You can survive without breathing.
You are immune to petrification.
You are immune to rotting.


Message History

You barely miss the manticore.
The manticore is lightly wounded.
The manticore bites you.
* * * LOW HITPOINT WARNING * * *
The manticore claws you but does no damage.
The manticore misses you.
You barely miss the manticore.
The manticore is lightly wounded.
The manticore bites you.
* * * LOW HITPOINT WARNING * * *
The manticore misses you. You block the manticore's attack.
Okay, then.
You completely miss the manticore.
The manticore is lightly wounded.
You hit the manticore.
The manticore is moderately wounded.
The manticore bites you!
* * * LOW HITPOINT WARNING * * *
The manticore claws you.
You die...

#############.####≈≈≈≈≈≈≈≈≈≈≈≈≈≈
#.# #≈#######...### #.#
#≈#.....H...# #.###≈#..{..#o..#
, ####### #..##≈#.##..#...#
......# #...#≈#∆ #..#.....,
......# #.#..≈####..#.......
..>...# #.##†≈......########
..†...###** #.##@H......≈≈≈# ,
...........$....†≈####..≈8≈#, ,,
......#####......≈# ,^..≈≈≈# **
......# ##..####≈#, ........ ,
......# #...# #≈###.........
......# ##.#.# #≈.......#..##
......# #..#.####≈....##.#..# ,
#.##### #........#....#, #..# ,
#....# #.....###.....#* #..#####


You could see a manticore.

Vanquished Creatures
  An ogre mage (D:11)
  A hydra (D:11)
  Harold (D:7)
  A two-headed ogre (D:9)
  2 unseen horrors
  An ugly thing (D:11)
  Psyche (D:9)
  2 trolls (D:10)
  A hornet (D:11)
  4 hippogriffs
  Prince Ribbit (D:7)
  A wraith (D:11)
  A basilisk (D:10)
  A wyvern (D:9)
  A human (D:3)
  7 yaks (D:10)
  2 hungry ghosts
  Menkaure (D:4)
  5 orc warriors
  A sky beast (D:10)
  7 ogres
  2 ice beasts
  4 phantoms
  3 crocodiles
  4 big kobolds
  5 bullfrogs
  A wyvern zombie (D:7)
  A wyvern skeleton (D:10)
  A killer bee (D:11)
  2 troll zombies (D:9)
  4 wights (D:8)
  4 howler monkeys
  A bullfrog zombie (D:6)
  2 crimson imps
  2 centaur zombies
  8 hounds
  A quasit (D:11)
  2 jellies
  5 orc wizards
  6 bullfrog skeletons
  4 orc priests
  4 centaur skeletons
  A human skeleton (D:3)
  3 iguanas
  9 worker ants
  A killer bee zombie (D:6)
  4 ogre zombies (D:9)
  2 hound skeletons
  A mummy (D:8)
  7 gnolls (D:9)
  10 adders
  A howler monkey skeleton (D:11)
  3 shadow imps
  4 adder skeletons
  3 worms
  2 dart slugs
  6 leopard geckos
  36 orcs
  5 bats
  A giant cockroach (D:3)
  7 goblins
  7 hobgoblins
  4 jackals
  18 kobolds
  9 quokkas
  2 ball pythons
  5 frilled lizards
  A goblin skeleton (D:3)
  3 goblin zombies (D:9)
  A hobgoblin skeleton (D:9)
  3 hobgoblin zombies (D:9)
  A jackal skeleton (D:3)
  A leopard gecko skeleton (D:7)
  3 orc skeletons (D:9)
  9 orc zombies (D:9)
  9 rats
291 creatures vanquished.

Vanquished Creatures (others)
  An orc (D:11)
1 creature vanquished.

Grand Total: 292 creatures vanquished

Notes
Turn   | Place    | Note
-------+----------+-------------------------------------------
     0 | D:1      | Borgoz the Gargoyle Gladiator began the quest for the Orb.
     0 | D:1      | Reached XP level 1. HP: 12/12 MP: 1/1
   140 | D:1      | Reached XP level 2. HP: 17/17 MP: 2/2
   209 | D:1      | Reached skill level 1 in Armour
   404 | D:1      | Reached XP level 3. HP: 15/22 MP: 3/3
   518 | D:2      | Reached skill level 1 in Stealth
   881 | D:2      | Reached XP level 4. HP: 27/27 MP: 4/4
  1066 | D:3      | You fall through a shaft for 2 floors!
  1066 | D:5      | Entered Level 5 of the Dungeon
  1078 | D:5      | Reached skill level 2 in Armour
  1383 | D:5      | Reached XP level 5. HP: 29/32 MP: 5/5
  1654 | D:4      | Noticed a phantom
  1693 | D:4      | Killed a phantom
  1693 | D:4      | Reached skill level 3 in Armour
  1693 | D:4      | Reached XP level 6. HP: 23/37 MP: 6/6
  1717 | D:3      | Found a runed translucent door.
  1717 | D:3      | Noticed a human
  1907 | D:3      | Found a basalt altar of Yredelemnul.
  1954 | D:3      | Killed a human
  1954 | D:3      | Reached XP level 7. HP: 20/41 MP: 7/7
  3076 | D:4      | Found a transporter.
  3077 | D:4      | Found a stormy altar of Qazlal.
  3077 | D:4      | Noticed a hippogriff
  3107 | D:4      | Found a staircase to the Ecumenical Temple.
  3107 | D:4      | Noticed Menkaure
  3121 | D:4      | HP: 2/42 [Menkaure/nerve-wracking pain (5)]
  3127 | D:4      | Killed Menkaure
  3127 | D:4      | Reached skill level 4 in Armour
  3442 | Temple   | Entered the Ecumenical Temple
  3449 | Temple   | Became a worshipper of Ashenzari the Shackled
  3864 | D:4      | Found a transporter.
  4258 | D:5      | Found an iron altar of Okawaru.
  4612 | D:6      | Noticed a hippogriff
  4643 | D:6      | Killed a hippogriff
  4643 | D:6      | Reached XP level 8. HP: 20/48 MP: 8/8
  4830 | D:6      | Found a shimmering altar of Xom.
  4902 | D:6      | Reached skill level 5 in Short Blades
  5095 | D:6      | Reached skill level 5 in Armour
  5224 | D:6      | Reached * piety under Ashenzari
  5241 | D:6      | Found a shattered altar of Ashenzari.
  5248 | D:6      | Identified the ring "Jeyhadapt" {Ice +Fly rPois Str-2}
  5829 | D:7      | Noticed Harold
  5850 | D:7      | Killed Harold
  5850 | D:7      | Reached skill level 6 in Armour
  5850 | D:7      | Reached skill level 5 in Dodging
  5850 | D:7      | Reached XP level 9. HP: 24/53 MP: 9/9
  6084 | D:7      | Reached skill level 5 in Fighting
  6178 | D:7      | Noticed Prince Ribbit
  6233 | D:7      | Killed Prince Ribbit
  6479 | D:7      | Found a glowing golden altar of the Shining One.
  6499 | D:7      | Reached skill level 5 in Stealth
  7029 | D:8      | Reached skill level 7 in Armour
  7403 | D:8      | Found a radiant altar of Vehumet.
  7528 | D:8      | Found Hikisim's Weapon Emporium.
  7607 | D:8      | Found a snail-covered altar of Cheibriados.
  7745 | D:9      | Reached XP level 10. HP: 52/60 MP: 10/10
  7998 | D:9      | Reached ** piety under Ashenzari
  8244 | D:9      | Found a staircase to the Orcish Mines.
  8563 | D:9      | Found Dodoply's Magic Scroll Shop.
  8570 | D:9      | Bought a scroll of teleportation for 48 gold pieces
  8570 | D:9      | Bought a scroll of identify for 32 gold pieces
  8606 | D:9      | Reached skill level 8 in Armour
  8610 | D:9      | Found Ginublabiw's Food Shoppe.
  8667 | D:9      | Noticed a two-headed ogre
  8684 | D:9      | Killed a two-headed ogre
  8920 | D:9      | Noticed Psyche
  8928 | D:9      | Found Ufoep's Gadget Emporium.
  8974 | D:9      | Got the dagger of Annihilation {pierce, Int+3}
  8975 | D:9      | Identified the +7 dagger of Annihilation {pierce, Int+3}
                  | (You found it on level 9 of the Dungeon)
  8991 | D:9      | Killed Psyche
  9593 | D:4      | Killed an unseen horror
  9847 | D:10     | Entered Level 10 of the Dungeon
  9854 | D:10     | Found a staircase to the Lair.
  9890 | D:10     | Reached XP level 11. HP: 66/66 MP: 11/11
  9901 | D:10     | Reached skill level 9 in Armour
  9946 | D:10     | Learned a level 3 spell: Confuse
 10047 | D:10     | HP: 2/66 [ogre/+0 giant club (19)]
 10582 | D:10     | Reached skill level 1 in Spellcasting
 10582 | D:10     | Reached skill level 1 in Hexes
 11083 | D:11     | Reached skill level 1 in Evocations
 11096 | D:11     | Killed an unseen horror
 11240 | D:11     | Noticed an ogre mage
 11260 | D:11     | Killed an ogre mage
 11352 | D:11     | Noticed a green ugly thing
 11396 | D:11     | Killed a green ugly thing
 11563 | D:11     | Noticed a five-headed hydra
 11563 | D:11     | Noticed a manticore
 11885 | D:11     | Killed a five-headed hydra
 11885 | D:11     | Reached skill level 10 in Armour
 11885 | D:11     | Reached XP level 12. HP: 31/72 MP: 15/15
 11963 | D:11     | HP: 2/72 [manticore (12)]
 11963 | D:11     | Slain by a manticore

Skill      XL: |  1  2  3  4  5  6  7  8  9 10 11 |
---------------+----------------------------------+-----
Armour         | 1 2 3 4 6 7 8 10 | 10.0
Short Blades   | 3 4 6 8 9 |  9.0
Stealth        | 1 2 3 4 5 6 7 |  7.8
Dodging        | 3 4 5 6 7 8 |  8.3
Fighting       | 3 4 5 6 7 |  7.3
Spellcasting   | 2 |  2.1
Hexes          | 2 |  2.1
Evocations     | 2 |  2.0
Throwing       | |  1.7

Action                   |  1- 3 |  4- 6 |  7- 9 | 10-12 || total
-------------------------+-------+-------+-------+-------++-------
Melee: Rapier            |   122 |   171 |   495 |   325 ||  1113
       Dagger            |       |       |       |   570 ||   570
Throw: Throwing net      |       |       |     6 |     2 ||     8
       Tomahawk          |       |       |     1 |     2 ||     3
Evoke: Wand              |       |       |       |     5 ||     5
  Use: Scroll            |       |       |     8 |     7 ||    15
       Potion            |       |       |     5 |     9 ||    14
 Stab: Distracted        |     1 |       |       |     1 ||     2
       Sleeping          |       |     1 |    10 |     8 ||    19
       Held in net/web   |       |       |     2 |     2 ||     4
       Invisible         |       |       |       |     9 ||     9
  Eat: Chunk             |       |     4 |    15 |    11 ||    30
       Ration            |       |       |     1 |     2 ||     3
Armor: Leather armour    |    50 |    99 |   168 |       ||   317
       Scale mail        |       |       |    39 |   434 ||   473
Dodge: Dodged            |    89 |   156 |   363 |   592 ||  1200
Block: Other             |       |       |       |    37 ||    37
       Reflection        |       |       |       |     1 ||     1
